 Dungeon Sprint DCSS version 0.17-a0-1719-g1afd5a1 (webtiles) character file.

959 patman the Basher (level 8, -2/90 HPs)
             Began as a Gargoyle Berserker on Aug 27, 2015.
             Was a High Priest of Trog.
             Slain by Snorg (10 damage)
             ... in the Dungeon (Sprint III: "The Ten Rune Challenge").
             The game lasted 00:04:43 (1324 turns).

patman the Basher (Gargoyle Berserker)              Turns: 1324, Time: 00:04:43

Health: -2/90      AC: 10    Str: 25    XL:     8   Next: 14%
Magic:  8/8        EV: 15    Int:  9    God:    Trog [*****.]
Gold:   35         SH:  0    Dex: 11    Spells: 0 memorised, 7 levels left

rFire  . . .     SeeInvis .     a - +0 mace
rCold  . . .     Clarity  .     p - +2 robe {MR+}
rNeg   + . .     SustAt   .     (no shield)
rPois  ∞         Gourm    .     (no helmet)
rElec  +         Spirit   .     (no cloak)
rCorr  .         Warding  .     x - +0 pair of gloves
rMut   .         NoTele   +     (no boots)
MR     +....                    (no amulet)
Stlth  ..........               (no ring)
                                (no ring)

@: berserking (expiring), very quick, somewhat resistant to hostile
enchantments, extremely unstealthy
A: negative energy resistance 1, electricity resistance, unbreathing,
petrification resistance, rot immunity, AC +5
a: Burn Spellbooks, Berserk, Trog's Hand, Brothers in Arms, Renounce Religion


You were in the Dungeon.
You worshipped Trog.
Trog was extremely pleased with you.
You were hungry.

You visited 1 branch You collected 35 gold pieces.

Inventory:

Hand weapons
 a - a +0 mace (weapon)
Armour
 p - a +2 robe of magic resistance (worn)
 x - a +0 pair of gloves (worn)
Magical devices
 k - a wand of fireball (5)
 y - a wand of digging (8)
Scrolls
 i - a scroll of blinking
 m - a scroll of holy word {unknown}
 n - a scroll of amnesia {unknown}
 o - 3 scrolls of remove curse
 s - a scroll of torment {unknown}
 t - a scroll of identify {unknown}
Potions
 d - a potion of curing
 e - a potion of heal wounds
 f - a potion of haste
 g - 2 potions of magic
 h - 2 potions of berserk rage
 j - a potion of ambrosia {unknown}
 l - 2 potions of mutation {unknown}
 q - 4 potions of cure mutation
 r - 3 potions of flight
 w - a potion of might
Books
 u - a book of Flames

   Spells                             Type                      Level
   a - Flame Tongue                   Conjuration/Fire             1
   b - Throw Flame                    Conjuration/Fire             2
   c - Conjure Flame                  Conjuration/Fire             3
   d - Inner Flame                    Hexes/Fire                   3
   e - Sticky Flame                   Conjuration/Fire             4
   f - Fireball                       Conjuration/Fire             5
   Trog disapproves of the use of such an item.
 v - a book of Unlife

   Spells                             Type                      Level
   a - Recall                         Summoning/Translocation      3
   b - Animate Dead                   Necromancy                   4
   c - Control Undead                 Necromancy                   4
   d - Cigotuvi's Embrace             Necromancy                   5
   e - Death Channel                  Necromancy                   6
   f - Simulacrum                     Ice/Necromancy               6
   Trog disapproves of the use of such an item.
Miscellaneous
 b - a phial of floods
Comestibles
 c - a bread ration
 z - a royal jelly


   Skills:
 * Level 11.0 Fighting
 - Level 11.0 Maces & Flails
 - Level 2.1 Armour
 * Level 8.3 Dodging


You had 7 spell levels left.
You didn't know any spells.

Dungeon Overview and Level Annotations

Branches:
Dungeon (1/1)

Altars:
Cheibriados
Dithmenos
Elyvilon
Fedhas
Gozag
Kikubaaqudgha
Makhleb
Nemelex Xobeh
Okawaru
Qazlal
Ru
Sif Muna
Trog
Vehumet
Xom
Yredelemnul
Zin
The Shining One
Jiyva
Lugonu

Annotations:
D Snorg


Innate Abilities, Weirdness & Mutations

You are resistant to torment.
Your stone body is resilient (AC +5).
You are immune to poison.
You resist negative energy.
You are resistant to electric shocks.
You can survive without breathing.
You are immune to petrification.
You are immune to rotting.


Message History

You completely miss Snorg.
Snorg is moderately wounded.
Snorg bites you.
* * * LOW HITPOINT WARNING * * *
Snorg claws you but does no damage. x2
Unknown command.
You hit Snorg.
Snorg is moderately wounded.
Unknown command.
You sock Snorg!
Snorg is heavily wounded.
Snorg barely misses you. Snorg completely misses you. Snorg claws you!
* * * LOW HITPOINT WARNING * * *
Unknown command.
You closely miss Snorg.
Snorg is heavily wounded.
Snorg bites you!
* * * LOW HITPOINT WARNING * * *
Snorg claws you!
You die...

##..#___#__.#__#
.#..#)..#.).#._#
.#..###'#†###)##
'#..#..........#
#...'.⌠........#
#...#...######'#
....#.⌠.#__#...#+#####
....#...#__#...#§T§§≈+
....#'###__#...#@#§§
....#[).#__#...'.#T§§
....#___#v.+...#.# §§
▓▓▓▓▓▓▓▓▓▓▓▓▓▓▓▓▓▓


You could see Snorg (berserk).

Vanquished Creatures
  A deep elf priest (D)
  A shadow (D)
  A necrophage (D)
  A water elemental (D)
  A scorpion (D)
  A jelly (D)
  A wizard (D)
  Jessica (D)
  A necromancer (D)
  A kobold demonologist (D)
  3 humans (D)
  2 oozes (D)
  A rat (D)
16 creatures vanquished.

Vanquished Creatures (others)
  2 draconian scorchers (D)
  A yaktaur (D)
  An electric eel (D)
4 creatures vanquished.

Grand Total: 20 creatures vanquished

Notes
Turn   | Place    | Note
--------------------------------------------------------------
     0 | D        | patman the Gargoyle Berserker began the quest for the Orb.
     0 | D        | Reached XP level 1. HP: 14/14 MP: 1/1
    13 | D        | Reached skill level 4 in Maces & Flails
    29 | D        | Killed a yaktaur
   152 | D        | Killed a white draconian scorcher
   202 | D        | Killed a white draconian scorcher
   274 | D        | Acquired Trog's second power
   274 | D        | Reached skill level 5 in Maces & Flails
   274 | D        | Reached XP level 2. HP: 17/19 MP: 2/2
   300 | D        | Noticed Jessica
   319 | D        | Killed Jessica
   319 | D        | Reached skill level 7 in Maces & Flails
   319 | D        | Reached XP level 3. HP: 16/23 MP: 3/3
   330 | D        | Noticed a scorpion
   473 | D        | Killed an electric eel
   560 | D        | Killed a scorpion
   560 | D        | Reached skill level 9 in Maces & Flails
   560 | D        | Reached XP level 4. HP: 28/28 MP: 4/4
   603 | D        | Noticed a water elemental
   610 | D        | Killed a water elemental
   610 | D        | Reached skill level 11 in Maces & Flails
   610 | D        | Reached XP level 5. HP: 32/32 MP: 5/5
   687 | D        | Found a radiant altar of Vehumet.
   687 | D        | Found a deep blue altar of Sif Muna.
   687 | D        | Found an ancient bone altar of Kikubaaqudgha.
   687 | D        | Noticed a wizard
   702 | D        | Killed a wizard
   702 | D        | Acquired Trog's third power
   907 | D        | Found a glowing silver altar of Zin.
   907 | D        | Found a glowing golden altar of the Shining One.
   907 | D        | Found a white marble altar of Elyvilon.
   908 | D        | Noticed a deep elf priest
   920 | D        | Killed a deep elf priest
   920 | D        | Reached skill level 5 in Dodging
   920 | D        | Reached XP level 6. HP: 42/44 MP: 6/6
   957 | D        | Found an iron altar of Okawaru.
   957 | D        | Found a bloodstained altar of Trog.
   957 | D        | Noticed a human
   960 | D        | Killed a human
   960 | D        | Reached XP level 7. HP: 51/51 MP: 7/7
   961 | D        | Noticed a human
   964 | D        | Killed a human
  1052 | D        | Found a basalt altar of Yredelemnul.
  1052 | D        | Found a snail-covered altar of Cheibriados.
  1052 | D        | Found a blossoming altar of Fedhas.
  1052 | D        | Noticed a necrophage
  1052 | D        | Noticed a necromancer
  1058 | D        | Killed a necrophage
  1058 | D        | Reached skill level 10 in Fighting
  1061 | D        | Killed a necromancer
  1069 | D        | Noticed a jelly
  1070 | D        | Noticed a shadow
  1080 | D        | Killed a shadow
  1080 | D        | Reached XP level 8. HP: 48/60 MP: 8/8
  1084 | D        | Killed a jelly
  1205 | D        | Found a stormy altar of Qazlal.
  1205 | D        | Found a sacrificial altar of Ru.
  1205 | D        | Found a burning altar of Makhleb.
  1205 | D        | Found a shimmering altar of Xom.
  1206 | D        | Found a viscous altar of Jiyva.
  1206 | D        | Found a shadowy altar of Dithmenos.
  1206 | D        | Found a sparkling altar of Nemelex Xobeh.
  1206 | D        | Found a corrupted altar of Lugonu.
  1206 | D        | Found an opulent altar of Gozag.
  1206 | D        | Noticed a spatial vortex
  1305 | D        | Noticed Snorg
  1324 | D        | Slain by Snorg

Vault maps used:
D:        dungeon_sprint_mu

Action                   |  1- 3 |  4- 6 |  7- 9 || total
-------------------------+-------+-------+-------++-------
Melee: Mace              |    42 |    30 |    38 ||   110
Invok: Berserk           |     2 |     4 |     2 ||     8
 Stab: Sleeping          |     1 |       |       ||     1
  Eat: Royal jelly       |       |     1 |       ||     1
       Meat ration       |       |     1 |       ||     1
       Chunk             |       |       |     1 ||     1
